 Dungeon Crawl Stone Soup version 0.29-a0-82-g837932c90e (webtiles) character file.

Game seed: 8751096314368202278

4 lordive the Sneak (level 1, -1/9 HPs)
             Began as a Spriggan Enchanter on Feb 5, 2022.
             Frozen to death by an endoplasm (5 damage)
             ... on level 1 of the Dungeon.
             The game lasted 00:01:04 (343 turns).

lordive the Sneak (Spriggan Enchanter)               Turns: 343, Time: 00:01:04

Health: -1/9       AC:  2    Str:  4    XL:     1   Next: 58%
Magic:  5/5        EV: 17    Int: 16    God:
Gold:   11         SH:  0    Dex: 15    Spells: 5/5 levels left

rFire   . . .      SeeInvis +   a - +1 dagger
rCold   . . .      Faith    .   (no shield)
rNeg    . . .      Spirit   .   b - +0 robe
rPois   .          Reflect  .   (helmet restricted)
rElec   .          Harm     .   (no cloak)
rCorr   .          Rampage  .   (gloves unavailable)
Will    .....                   (boots unavailable)
Stlth   +++.......              (no amulet)
HPRegen 0.03/turn               (no ring)
MPRegen 0.09/turn               (no ring)

@: very quick
A: very small, no large weapons, unfitting armour, see invisible, speed 3
a: no special abilities


You were on level 1 of the Dungeon.
You visited 1 branch of the dungeon, and saw 1 of its levels.

You collected 11 gold pieces.

Inventory:

Hand Weapons
 a - a +1 dagger (weapon)
Armour
 b - a +0 robe (worn)
Scrolls
 d - a scroll of teleportation {unknown}
Potions
 c - a potion of invisibility


   Skills:
 * Level 1.1 Short Blades
 * Level 0.1 Armour
 * Level 2.8 Dodging
 + Level 4.4 Stealth
 + Level 2.7 Spellcasting
 * Level 3.7 Hexes


You had 5 spell levels left.
You didn't know any spells.
Your spell library contained the following spells:

 Spells                   Type           Power      Damage    Failure   Level
 Confusing Touch          Hex            14%        N/A       12%         3
 Tukima's Dance           Hex            14%        N/A       12%         3
 Ensorcelled Hibernation  Hex/Ice        16%        N/A       14%         2
 Dazzling Flash           Conj/Hex       16%        N/A       26%         3


Dungeon Overview and Level Annotations

Branches:
Dungeon (1/15)

Altars:


Innate Abilities, Weirdness & Mutations

You are very small and have problems with some larger weapons.
You are too small for most types of armour.
You have supernaturally acute eyesight. (SInv)
You cover ground extremely quickly. (Speed+++)


Message History

Unknown command.
Okay, then.
An endoplasm comes into view.
You see here 5 poisoned darts.
Found 2 gold pieces.
A giant cockroach comes into view.
You see here 2 gold pieces.
The helpless giant cockroach fails to defend itself.
You impale the giant cockroach!!
You kill the giant cockroach!
You see here 2 gold pieces.
You now have 11 gold pieces (gained 2).
You see here 5 poisoned darts.
A goblin comes into view. It is wielding a +0 club.
Found a stone staircase leading down.
The helpless goblin fails to defend itself.
You impale the goblin!!
You kill the goblin!
Found a spear and 20 stones.
You open the door.
A quokka comes into view.
You see here a +0 spear.
You see here 20 stones.
You open the door.
An endoplasm and a giant cockroach come into view.
A frilled lizard comes into view.
The giant cockroach bites you but does no damage.
There is an open door here.
The giant cockroach bites you but does no damage.
The helpless endoplasm fails to defend itself.
You impale the endoplasm!!
You kill the endoplasm!
The frilled lizard barely misses you.
The giant cockroach bites you but does no damage.
You hit the endoplasm but do no damage. The endoplasm completely misses you.
Found 10 gold pieces.
The endoplasm freezes you.
You are frozen.
Ouch! That really hurt!
You die...

###.......# #####
#.'.......# ....#
#(#.......# ....#
#.#..K..K.###### ....#
#.######l....... ....#
#.# #.##.....
....#####)# # #B# .##.
.J......#.####.#.# #
.#+####.#.#r...J@#
.+......J.'.............
.#.####.#.#......#...###
.#)# #.#.#.............
...# ....#....... .....
...# ######.....#####...
...... ........ ...
#..#### ##...... $. #..#


You could see an endoplasm, a quokka (asleep), a giant cockroach, a kobold and a
frilled lizard.

Vanquished Creatures
  An endoplasm (D:1)
  A giant cockroach (D:1)
  2 goblins (D:1)
4 creatures vanquished.

Notes
Turn   | Place    | Note
-------+----------+-------------------------------------------
     0 | D:1      | lordive the Spriggan Enchanter began the quest for the Orb.
     0 | D:1      | Reached XP level 1. HP: 9/9 MP: 5/5
   343 | D:1      | Frozen to death by an endoplasm

Illustrated notes

Levels and vault maps discovered:
D:1:      amcnicky_arrival_choice, layout_basic

Action                   || total
-------------------------++-------
Melee: Dagger            ||    19
 Stab: Sleeping          ||     3
Armor: Robe              ||     4
Dodge: Dodged            ||    10

Table legend: (Time is in decaauts)
 A = Elapsed time spent in this place.
 B = Non-inter-level travel time spent in this place.
 C = Inter-level travel time spent in this place.
 D = Time resting spent in this place.
 E = Time spent auto-exploring this place.
 F = Levels seen in this place.
 G = Mean time per level.
                   A        B        C        D        E       F      G
               +--------+--------+--------+--------+--------+-----+--------+
         Total |    268 |    268 |      0 |    134 |     24 |   1 |  268.0 |
       Dungeon |    268 |    268 |      0 |    134 |     24 |   1 |  268.0 |
               +--------+--------+--------+--------+--------+-----+--------+

Top non-repeatable levels by time:
     D:1: 268 daAuts
